 Dungeon Crawl Stone Soup version 0.29-a0-375-g5102b3be25 (webtiles) character file.

Game seed: 1782658828482773625

8199 Antichthon the Protected (level 11, -2/74 HPs)
             Began as a Gargoyle Fighter on May 3, 2022.
             Was a High Priest of Zin.
             Killed by refrigeration
             ... invoked by Fannar
              (37 damage)
             ... on level 9 of the Dungeon on May 4, 2022.
             The game lasted 00:24:18 (9769 turns).

Antichthon the Protected (Gargoyle Fighter)         Turns: 9769, Time: 00:24:18

Health: -2/74      AC: 24    Str: 22    XL:     11   Next: 27%
Magic:  15/15      EV:  9    Int: 13    God:    Zin [*****.]
Gold:   553        SH: 11    Dex:  9    Spells: 10/10 levels left

rFire   . . .      SeeInvis .   a - +0 broad axe (elec)
rCold   . . .      Faith    .   c - +1 buckler
rNeg    + . .      Spirit   .   x - +0 chain mail
rPois   ∞          Reflect  +   m - +0 helmet
rElec   +          Harm     .   (no cloak)
rCorr   .          Rampage  .   p - +2 pair of gloves
Will    +....      Clarity  +   (no boots)
Stlth   ..........              G - amulet of reflection
HPRegen 0.22/turn               j - ring of willpower
MPRegen 0.14/turn               w - +4 ring of slaying

@: no status effects
A: sickness immunity, AC +8, negative energy resistance 1, electricity
resistance, torment resistance 1, petrification resistance, clarity, clever 1,
robust 1
a: Renounce Religion, Recite, Vitalisation, Imprison, Sanctuary, Donate Gold


You were on level 9 of the Dungeon.
You worshipped Zin.
Zin was extremely pleased with you.
You visited 2 branches of the dungeon, and saw 11 of its levels.

You collected 614 gold pieces.
You donated 61 gold pieces to Zin.

Inventory:

Hand Weapons
 a - a +0 broad axe of electrocution (weapon)
 D - a +2 flail of holy wrath
Armour
 c - a +1 buckler (worn)
 m - a +0 helmet (worn)
 p - a +2 pair of gloves (worn)
 x - a +0 chain mail (worn)
Jewellery
 i - an amulet of regeneration
 j - a ring of willpower (left hand)
 w - a +4 ring of slaying (right hand)
 G - an amulet of reflection (around neck)
Wands
 b - a wand of digging (4)
 r - a wand of flame (38)
 v - a wand of charming (7)
 A - a wand of acid (4)
Scrolls
 e - a scroll of poison
 g - 2 scrolls of immolation
 k - 2 scrolls of brand weapon
 l - a scroll of fear
 s - 5 scrolls of blinking
 u - 2 scrolls of amnesia
 y - 3 scrolls of enchant armour
 C - a scroll of magic mapping
 E - a scroll of identify
 F - a scroll of enchant weapon
Potions
 d - 2 potions of might
 f - 8 potions of curing
 h - 3 potions of brilliance
 n - 3 potions of attraction
 o - a potion of heal wounds
 q - 3 potions of lignification
 t - 3 potions of mutation
 z - a potion of invisibility
 B - 2 potions of flight


   Skills:
 * Level 8.0 Fighting
 * Level 9.3 Maces & Flails
 * Level 9.7 Armour
 * Level 4.3 Dodging
 * Level 7.8 Shields
 * Level 5.8 Invocations


You had 10 spell levels left.
You didn't know any spells.
Your spell library contained the following spells:

 Spells                   Type           Power      Damage    Failure   Level
 Animate Skeleton         Necr           0%         N/A       94%         1
 Foxfire                  Conj/Fire      0%         2x1d4     94%         1
 Magic Dart               Conj           0%         1d3       94%         1
 Pain                     Necr           0%         1d4       94%         1
 Call Imp                 Summ           0%         N/A       98%         2
 Ensorcelled Hibernation  Hex/Ice        0%         N/A       98%         2
 Conjure Flame            Conj/Fire      0%         6-21      100%        3
 Inner Flame              Hex/Fire       0%         N/A       100%        3
 Ozocubu's Armour         Ice            0%         N/A       100%        3
 Spider Form              Tmut/Pois      0%         N/A       100%        3
 Anguish                  Hex/Necr       0%         N/A       100%        4
 Flame Wave               Conj/Fire      0%         2d4       100%        4
 Olgreb's Toxic Radiance  Pois           0%         N/A       100%        4
 Summon Ice Beast         Ice/Summ       0%         N/A       100%        4
 Alistair's Intoxication  Tmut/Pois      0%         N/A       100%        5
 Borgnjor's Vile Clutch   Necr/Erth      0%         N/A       100%        5
 Summon Forest            Summ/Tloc      0%         N/A       100%        5
 Summon Mana Viper        Hex/Summ       0%         N/A       100%        5
 Eringya's Noxious Bog    Tmut/Pois      0%         N/A       100%        6
 Summon Cactus Giant      Summ           0%         N/A       100%        6
 Monstrous Menagerie      Summ           0%         N/A       100%        7
 Ozocubu's Refrigeration  Ice            0%         4d5       100%        7
 Spellforged Servitor     Conj/Summ      0%         N/A       100%        7
 Summon Hydra             Summ           0%         N/A       100%        7
 Ignition                 Fire           0%         3d3       100%        8


Dungeon Overview and Level Annotations

Branches:
Dungeon (10/15)            Temple (0/1) D:5            Lair (1/6) D:9
    Orc (0/2) D:10

Altars:
Ashenzari
Cheibriados
Dithmenos
Elyvilon
Gozag
Hepliaklqana
Nemelex Xobeh
Okawaru
Ru
Sif Muna
Xom
Yredelemnul
Zin
The Shining One

Annotations:
D:3 3 runed translucent doors, Antichthon's ghost, amateur GrFi
D:4 1 runed translucent door, sammy202020's ghost, amateur DsBe
D:8 2 runed translucent doors, exclusion: orange crystal statue
D:9 Fannar
D:10 2 transporters


Innate Abilities, Weirdness & Mutations

You are immune to sickness and miasma.
Your stone body is resilient. (AC +8)
You are immune to poison.
You resist negative energy. (rN+)
You are resistant to electric shocks. (rElec)
You are resistant to unholy torment.
You are immune to petrification.
You possess an exceptional clarity of mind.
Your mind is acute. (Int +2)
You are robust. (+10% HP)


Message History

Unknown command.
You barely miss Fannar. You hit the wyvern. You hit the ice beast.
The wyvern barely misses you. Fannar hits you with a staff of cold.
Fannar freezes you.
The ice beast hits you but does no damage.
The wyvern bites you.
Unknown command.
You closely miss Fannar. You barely miss the ice beast.
You hit the wyvern but do no damage. The wyvern barely misses you.
You block Fannar's attack. The ice beast hits you. The ice beast freezes you!
The wyvern barely misses you. Fannar closely misses you.
You block the ice beast's attack.
Unknown command.
You slash Fannar!
Fannar is lightly wounded.
You hit the wyvern. You slash the ice beast!
Lightning courses through the ice beast!!
You kill the ice beast!
The ice beast disappears in a puff of smoke!
The wyvern bites you but does no damage.
Fannar hits you with a staff of cold. Fannar freezes you.
The wyvern closely misses you.
You slash Fannar!
Fannar is moderately wounded.
You slash the wyvern! You block the wyvern's attack.
Fannar casts a spell.
Fannar blinks!
You block the wyvern's attack.
Fannar mumbles some strange words.
Unknown command.
You closely miss the wyvern.
The wyvern is severely wounded.
The wyvern completely misses you. The wyvern closely misses you.
Unknown command.
You slash the wyvern! Lightning courses through the wyvern!
You kill the wyvern!
You hit Fannar but do no damage.
Fannar casts a spell.
Fannar drains the heat from the surrounding environment!
Ouch! That really hurt!
You die...

.# #..#.........#.####..........
.# #..)...#.....#.........♣.♣.♣.
#####......#.....#....[.#....._..
##..#'####.............)#..♣.♣.♣.
.........#)...........[).........
##..##...#.....####........#.♣.♣.
##..######.##..#..#...).#........
###### #.##..#..#............##
#....#####.##..#@.#....###...####
#..............#.e#....#.#...# #
#.#............#Y.#....#.#...# #
#..............#..#....#.#...# #
#..........###.'..#....#.#...# #
#..........###.#..'....#.#.#.####
#....#####.....####....'.#...#.##
#....#...##'#######....#.#...#.##
######........))..#....#.#.#.#.##


You could see Fannar and an ice beast (summoned).

Vanquished Creatures
  Erolcha (D:9)
  2 two-headed ogres
  Psyche (D:7)
  A freezing wraith (D:10)
  A hornet (D:8)
  Sigmund (D:5)
  A wraith (D:7)
  A wyvern (D:9)
  9 yaks
  3 steam dragons
  Edmund (D:5)
  An acid dragon (D:10)
  2 water moccasins
  Duvessa (D:6)
  A sky beast (D:6)
  A black bear (D:7)
  2 orc warriors
  An ice beast (D:5)
  2 ogres
  A centaur (D:5)
  3 kobold brigands
  6 bullfrogs
  A necrophage (D:8)
  4 scorpions
  Dowan (D:6)
  11 killer bees
  5 howler monkeys
  5 hounds
  A jelly (D:6)
  2 orc priests
  An iguana (D:6)
  13 orc wizards
  Natasha (thrice) (D:3)
  7 gnolls
  5 adders
  2 white imps
  2 worms
  4 dart slugs
  36 orcs
  5 ball pythons
  3 bats
  10 endoplasms
  A giant cockroach (D:3)
  7 goblins
  11 hobgoblins
  2 jackals (D:1)
  5 quokkas
  3 frilled lizards
  21 kobolds
  6 rats
220 creatures vanquished.

Notes
Turn   | Place    | Note
-------+----------+-------------------------------------------
     0 | D:1      | Antichthon the Gargoyle Fighter began the quest for the
                  | Orb.
     0 | D:1      | Reached XP level 1. HP: 14/14 MP: 1/1
   187 | D:1      | Reached XP level 2. HP: 13/19 MP: 2/2
   402 | D:1      | Found a faded altar of an unknown god.
   419 | D:1      | Gained mutation: You have hidden genetic defects. [potion
                  | of mutation]
   419 | D:1      | Gained mutation: You expend magic power (3 MP) to
                  | strengthen your wands. [potion of mutation]
   419 | D:1      | Gained mutation: You have a pair of small horns on your
                  | head. [potion of mutation]
   419 | D:1      | Gained mutation: You are robust. (+10% HP) [potion of
                  | mutation]
   722 | D:1      | Gained mutation: You are occasionally teleported next to
                  | monsters. [hidden defects]
   922 | D:1      | Reached XP level 3. HP: 25/25 MP: 3/3
  1248 | D:2      | Gained mutation: You are weak. (Str -2) [hidden defects]
  1248 | D:2      | Lost mutation: You have hidden genetic defects. [hidden
                  | defects expressed]
  1286 | D:2      | Got Maqorph's Beginning Course on Thaumaturgy
  1451 | D:2      | Reached XP level 4. HP: 31/31 MP: 4/4
  1783 | D:2      | Reached skill level 1 in Invocations
  1797 | D:2      | Reached skill level 1 in Dodging
  2139 | D:3      | Noticed Natasha
  2151 | D:3      | Killed Natasha
  2152 | D:3      | Reached XP level 5. HP: 36/36 MP: 5/5
  2493 | D:3      | Found a shimmering blue altar of Sif Muna.
  2629 | D:3      | Noticed Natasha
  2640 | D:3      | Killed Natasha
  2671 | D:3      | Found a runed translucent gate.
  2671 | D:3      | Found a runed translucent gate.
  2671 | D:3      | Found a runed translucent gate.
  2672 | D:3      | Found a sacrificial altar of Ru.
  2679 | D:3      | Found an opulent altar of Gozag.
  2680 | D:3      | Noticed Antichthon's ghost (amateur GrFi)
  2910 | D:3      | Noticed Natasha
  2921 | D:3      | Killed Natasha
  2927 | D:3      | Lost mutation: You are robust. (+10% HP) [potion of
                  | mutation]
  2927 | D:3      | Lost mutation: You are weak. (Str -2) [potion of mutation]
  2927 | D:3      | Lost mutation: You are occasionally teleported next to
                  | monsters. [potion of mutation]
  2927 | D:3      | Lost mutation: You expend magic power (3 MP) to strengthen
                  | your wands. [potion of mutation]
  2928 | D:3      | Lost mutation: You have a pair of small horns on your head.
                  | [potion of mutation]
  2928 | D:3      | Gained mutation: You are robust. (+10% HP) [potion of
                  | mutation]
  2928 | D:3      | Gained mutation: Your mind is acute. (Int +2) [potion of
                  | mutation]
  2928 | D:3      | Gained mutation: You possess an exceptional clarity of
                  | mind. [potion of mutation]
  3175 | D:4      | Reached XP level 6. HP: 38/41 MP: 7/7
  3188 | D:4      | Found a runed translucent door.
  3188 | D:4      | Noticed an orc warrior
  3188 | D:4      | Noticed sammy202020's ghost (amateur DsBe)
  3333 | D:4      | Found a shadowy altar of Dithmenos.
  3464 | D:4      | Found a glowing silver altar of Zin.
  3465 | D:4      | Found a glowing golden altar of the Shining One.
  3466 | D:4      | Found a white marble altar of Elyvilon.
  3539 | D:4      | Became a worshipper of Zin the Law-Giver
  3539 | D:4      | Reached * piety under Zin
  3849 | D:4      | Identified the +6 chain mail "Vuoseuwo" {rF+ rN+ Will-
                  | Stlth+}
  3864 | D:5      | Entered Level 5 of the Dungeon
  3981 | D:5      | Reached skill level 5 in Armour
  3994 | D:5      | Reached XP level 7. HP: 46/48 MP: 8/8
  4016 | D:5      | Noticed Edmund
  4033 | D:5      | Killed Edmund
  4115 | D:5      | Reached skill level 5 in Maces & Flails
  4126 | D:5      | Reached ** piety under Zin
  4179 | D:5      | Noticed Sigmund
  4195 | D:5      | Killed Sigmund
  4196 | D:5      | Reached XP level 8. HP: 46/52 MP: 10/10
  4231 | D:5      | Found a staircase to the Ecumenical Temple.
  4380 | D:5      | Found a sparkling altar of Nemelex Xobeh.
  4389 | D:5      | Reached skill level 5 in Fighting
  4747 | D:6      | Found a hazy altar of Hepliaklqana.
  4776 | D:6      | Reached skill level 5 in Shields
  4863 | D:6      | You fall into a shaft and drop 2 floors!
  4863 | D:8      | Noticed Psyche
  4863 | D:8      | Noticed a hornet
  4863 | D:8      | Noticed a two-headed ogre
  4959 | D:9      | Found an iron altar of Okawaru.
  5002 | D:9      | Reached *** piety under Zin
  5053 | D:8      | Reached XP level 9. HP: 55/59 MP: 11/11
  5257 | D:7      | Found a snail-covered altar of Cheibriados.
  5316 | D:6      | Noticed Dowan
  5322 | D:6      | Noticed Duvessa
  5341 | D:6      | Killed Duvessa
  5353 | D:6      | Killed Dowan
  6257 | D:7      | Got the Grimoire of Companions
  6607 | D:7      | Killed Psyche
  6767 | D:8      | Reached XP level 10. HP: 64/66 MP: 13/13
  6885 | D:8      | Killed a two-headed ogre
  6886 | D:8      | Reached skill level 5 in Invocations
  6937 | D:8      | Found a broken altar of Ashenzari.
  7083 | D:8      | Found a basalt altar of Yredelemnul.
  7126 | D:8      | Found a runed translucent door.
  7131 | D:8      | Found the +10 tower shield of Ignorance {rN+ Int-4}
  7134 | D:8      | Noticed an orange crystal statue
  7147 | D:8      | Found a runed translucent door.
  7429 | D:9      | Noticed Erolcha
  7446 | D:9      | Killed Erolcha
  7447 | D:9      | Noticed a two-headed ogre
  7492 | D:9      | Found a staircase to the Lair.
  7515 | D:9      | Killed a two-headed ogre
  7739 | D:9      | Reached **** piety under Zin
  8059 | D:9      | Reached XP level 11. HP: 48/73 MP: 15/15
  8219 | D:10     | Entered Level 10 of the Dungeon
  8583 | D:10     | Found a shimmering altar of Xom.
  8766 | D:10     | Found a transporter.
  8775 | D:10     | Found a staircase to the Orcish Mines.
  8919 | D:10     | HP: 3/74 [freezing wraith (6)]
  9072 | D:10     | Found a transporter.
  9072 | D:10     | Found the +10 dark maul {vorpal}
  9204 | D:10     | Reached ***** piety under Zin
  9652 | Lair:1   | Entered Level 1 of the Lair of Beasts
  9652 | Lair:1   | Noticed Fannar
  9769 | D:9      | Killed from afar by Fannar

Illustrated notes

Levels and vault maps discovered:
D:1:      minmay_arrival_cross, layout_basic, hellmonk_ecumenical_altar_blasted
D:2:      layout_basic
D:3:      layout_basic, lemuel_crystal_altar, nicolae_ru_path_of_blood,
          ebering_ghost_gozag, uniq_natasha
D:4:      layout_loops_cross, dreamdust_divine_triumvirate,
          overflow_temple_1_default, ebering_ghost_inner_flame,
          minmay_misc_feat_alley, kennysheep_generic_room_13
D:5:      layout_rooms, kennysheep_mini_moat, minmay_temple_entry_grid,
          uniq_edmund, uniq_sigmund
D:6:      layout_loops_ring, mainiacjoe_overflow_24_doors, uniq_duvessa
D:7:      layout_basic, kennysheep_little_box, st_stairs_2, minmay_crossroads
D:8:      layout_rooms, nicolae_ashenzari_panopticon,
          mainiacjoe_overflow_surrounded_room,
          chequers_guarded_unrand_ignorance, uniq_psyche
D:9:      layout_stronghold, okawaru_trees_1, lair_entry_dummy,
          hangedman_abyss_or_decor_stagger, uniq_erolcha
D:10:     gammafunk_cloud_chamber, layout_layer_cave,
          mainiacjoe_overflow_alcove_1, orc_0_dummy, roderic_lattice_a,
          hex_medium
Lair:1:   layout_cave_pods, ebering_ghost_xom, serial_bayou_pond_b,
          serial_bayou_lake_a, uniq_fannar

Skill      XL: |  1  2  3  4  5  6  7  8  9 10 11 |
---------------+----------------------------------+-----
Invocations    | 1 2 3 4 5 |  5.8
Maces & Flails | 3 4 5 6 8 9 |  9.3
Armour         | 4 5 6 7 9 |  9.7
Dodging        | 1 2 3 4 |  4.3
Fighting       | 4 5 6 7 8 |  8.0
Shields        | 4 5 6 7 |  7.8

Action                   |  1- 3 |  4- 6 |  7- 9 | 10-12 || total
-------------------------+-------+-------+-------+-------++-------
Melee: Flail             |    81 |   184 |   267 |     5 ||   537
       Headbutt          |     7 |    13 |       |       ||    20
       Broad axe         |       |       |       |   225 ||   225
Evoke: Wand              |       |       |     1 |     6 ||     7
  Use: Scroll            |     4 |    11 |     4 |     5 ||    24
       Potion            |     1 |     2 |     2 |     2 ||     7
Armor: Scale mail        |    61 |   128 |    14 |       ||   203
       Chain mail        |       |       |   191 |   197 ||   388
Dodge: Dodged            |    55 |    67 |    93 |   120 ||   335
Block: Buckler           |    23 |    48 |    97 |   114 ||   282

Table legend: (Time is in decaauts)
 A = Elapsed time spent in this place.
 B = Non-inter-level travel time spent in this place.
 C = Inter-level travel time spent in this place.
 D = Time resting spent in this place.
 E = Time spent auto-exploring this place.
 F = Levels seen in this place.
 G = Mean time per level.
                   A        B        C        D        E       F      G
               +--------+--------+--------+--------+--------+-----+--------+
         Total |   9988 |   9675 |    313 |    405 |   6914 |  11 |  908.0 |
       Dungeon |   9982 |   9669 |    313 |    405 |   6914 |  10 |  998.2 |
          Lair |      5 |      5 |      0 |      0 |      0 |   1 |    5.0 |
               +--------+--------+--------+--------+--------+-----+--------+

Top non-repeatable levels by time:
     D:9: 1360 daAuts
    D:10: 1357 daAuts
     D:1: 1224 daAuts
     D:7: 1138 daAuts
     D:3: 1026 daAuts
     D:2: 884 daAuts
     D:6: 823 daAuts
     D:4: 818 daAuts
     D:8: 740 daAuts
     D:5: 608 daAuts
  Lair:1: 5 daAuts
